 Dungeon Crawl Stone Soup version 0.30-a0-122-g2a1322497e (webtiles) character file.

Game seed: 834310689683830164

64 greynaab the Vexing (level 4, -2/34 HPs)
             Began as a Gnoll Hexslinger on Sept 15, 2022.
             Slain by a gnoll
             ... wielding a +0 spear
              (7 damage)
             ... on level 2 of the Dungeon.
             The game lasted 00:05:20 (1515 turns).

greynaab the Vexing (Gnoll Hexslinger)              Turns: 1515, Time: 00:05:21

Health: -2/34      AC:  2    Str:  9    XL:     4   Next: 12%
Magic:  4/8        EV: 13    Int: 14    God:
Gold:   95         SH:  0    Dex: 13    Spells: 8/9 levels left

rFire   . . .      SeeInvis .    a - +1 sling
rCold   . . .      Faith    .    (no shield)
rNeg    . . .      Spirit   .    c - +0 robe
rPois   .          Reflect  .    (no helmet)
rElec   .          Harm     .    (no cloak)
rCorr   .          Rampage  .    (no gloves)
Will    .....                    (no boots)
Stlth   ++........               (no amulet)
HPRegen 0.11/turn                (no ring)
MPRegen 0.11/turn                (no ring)

@: no status effects
A: fangs 1, strong nose, distributed training
a: no special abilities


You were on level 2 of the Dungeon.
You visited 1 branch of the dungeon, and saw 2 of its levels.

You collected 95 gold pieces.

Inventory:

Hand Weapons
 a - a +1 sling (weapon)
Armour
 c - a +0 robe (worn)
Jewellery
 g - a ring of see invisible
Scrolls
 b - 2 scrolls of poison
 d - a scroll of identify
 e - a scroll of enchant armour
 f - a scroll of magic mapping
Potions
 h - a potion of curing


   Skills:
 + Level 2.7 Fighting
 + Level 1.1 Short Blades
 + Level 1.1 Long Blades
 + Level 1.1 Axes
 + Level 1.1 Maces & Flails
 + Level 1.1 Polearms
 + Level 1.1 Staves
 + Level 4.6 Ranged Weapons
 + Level 1.1 Throwing
 + Level 1.1 Armour
 + Level 4.6 Dodging
 + Level 1.1 Stealth
 + Level 1.1 Shields
 + Level 1.1 Unarmed Combat
 + Level 3.0 Spellcasting
 + Level 0.8 Conjurations
 + Level 5.4 Hexes
 + Level 0.8 Summonings
 + Level 0.8 Necromancy
 + Level 0.8 Translocations
 + Level 0.8 Transmutations
 + Level 0.8 Fire Magic
 + Level 0.8 Ice Magic
 + Level 0.8 Air Magic
 + Level 0.8 Earth Magic
 + Level 0.8 Poison Magic
 + Level 1.2 Invocations
 + Level 1.1 Evocations


You had 8 spell levels left.
You knew the following spells:

 Your Spells              Type           Power      Damage    Failure   Level
a - Slow                  Hex            68%        N/A       2%          1

Your spell library contained the following spells:

 Spells                   Type           Power      Damage    Failure   Level
 Inner Flame              Hex/Fire       11%        N/A       17%         3
 Portal Projectile        Hex/Tloc       22%        N/A       17%         3
 Cigotuvi's Dreadful Rot  Necr/Pois/Air  8%         N/A       22%         2
 Cause Fear               Hex            8%         N/A       22%         4
 Dispel Undead            Necr           4%         3d7       83%         4
 Summon Ice Beast         Ice/Summ       4%         N/A       83%         4
 Summon Mana Viper        Hex/Summ       11%        N/A       85%         5
 Death Channel            Necr           2%         N/A       100%        6
 Monstrous Menagerie      Summ           2%         N/A       100%        7


Dungeon Overview and Level Annotations

Branches:
Dungeon (2/15) Zot: 10462

Altars:

Shops:
D:1 *


Innate Abilities, Weirdness & Mutations

You have very sharp teeth.
Your uncanny sense of smell can sniff out nearby items.
Your experience applies equally to all skills.


Message History

You have reached level 4!
You feel agile.
Unknown command.
Casting: Slow (safe; 2% risk of failure)
Confirm with . or Enter, or press ? or * to list all spells.
Aiming: Slow (safe; 2% risk of failure)
Press: ? - help, Shift-Dir - straight line, f - gnoll
Aim: a gnoll, wielding a +0 spear (chance to affect: 65%)
The gnoll struggles to resist.
Casting: Slow (safe; 2% risk of failure)
Confirm with . or Enter, or press ? or * to list all spells.
Aiming: Slow (safe; 2% risk of failure)
Press: ? - help, Shift-Dir - straight line, f/p - gnoll
Aim: a gnoll, wielding a +0 spear (chance to affect: 65%)
The gnoll struggles to resist.
The gnoll hits you from afar with a +0 spear!
Casting: Slow (safe; 2% risk of failure)
Confirm with . or Enter, or press ? or * to list all spells.
Aiming: Slow (safe; 2% risk of failure)
Press: ? - help, Shift-Dir - straight line, f/p - gnoll
Aim: a gnoll, wielding a +0 spear (chance to affect: 65%)
The gnoll seems to slow down.
You shoot a sling bullet. The sling bullet hits the gnoll.
The gnoll is moderately wounded.
The gnoll hits you from afar with a +0 spear!
* * * LOW HITPOINT WARNING * * *
Fire: a) +1 sling
Press: ? - help, Q - select action, (/) - cycle Shift-Dir - straight line, f/p - gnoll
Aim: a gnoll, wielding a +0 spear (moderately wounded, slow, 63% to hit)
You shoot a sling bullet. The sling bullet hits the gnoll.
The gnoll is severely wounded.
The gnoll hits you from afar with a +0 spear.
* * * LOW HITPOINT WARNING * * *
Fire: a) +1 sling
Press: ? - help, Q - select action, (/) - cycle Shift-Dir - straight line, f/p - gnoll
Aim: a gnoll, wielding a +0 spear (severely wounded, slow, 63% to hit)
You shoot a sling bullet. The sling bullet hits the gnoll.
The gnoll is almost dead.
The gnoll hits you from afar with a +0 spear!
You die...

#~~~.~~~######## #.#
#~~~.~~~#......# #.#
+...#...'.####.# #.#
#~~~.~~~#......#####.#
#~~~.~~~#....)....##.# #
##~~.~~######..##..h..
#. ###g###.##...........
#..##.†###.##.....##.###
#.....@..........##.# #
####.#####.#.....##.###
#......<.......##.##.
#............####.#.#
#.######.##### #.#.# #.#
#.# #.#.# #.# #.# #.##.
#.# #.# ####.### #.#
#.#####<......


You could see a gnoll (slow).

Vanquished Creatures
  Natasha (D:2)
  A worm (D:2)
  3 dart slugs (D:1)
  3 bats
  7 endoplasms
  2 giant cockroaches (D:1)
  A hobgoblin (D:1)
  2 kobolds
  3 quokkas (D:1)
  3 ball pythons (D:1)
  2 frilled lizards (D:1)
  A goblin (D:2)
  A rat (D:1)
30 creatures vanquished.

Notes
Turn   | Place    | Note
-------+----------+-------------------------------------------
     0 | D:1      | greynaab the Gnoll Hexslinger began the quest for the Orb.
     0 | D:1      | Reached XP level 1. HP: 17/17 MP: 4/4
   100 | D:1      | Reached XP level 2. HP: 23/23 MP: 5/5
   491 | D:1      | Found Mus Fes's Assorted Antiques.
   617 | D:1      | Reached XP level 3. HP: 28/28 MP: 2/7
  1055 | D:2      | Reached skill level 1 in Invocations
  1279 | D:2      | Noticed Natasha
  1509 | D:2      | Killed Natasha
  1510 | D:2      | Reached skill level 1 in Short Blades
  1510 | D:2      | Reached skill level 1 in Long Blades
  1510 | D:2      | Reached skill level 1 in Axes
  1510 | D:2      | Reached skill level 1 in Maces & Flails
  1510 | D:2      | Reached skill level 1 in Polearms
  1510 | D:2      | Reached skill level 1 in Staves
  1510 | D:2      | Reached skill level 1 in Throwing
  1510 | D:2      | Reached skill level 1 in Armour
  1510 | D:2      | Reached skill level 1 in Stealth
  1510 | D:2      | Reached skill level 1 in Shields
  1510 | D:2      | Reached skill level 1 in Unarmed Combat
  1510 | D:2      | Reached skill level 1 in Evocations
  1510 | D:2      | Reached XP level 4. HP: 26/34 MP: 6/8
  1515 | D:2      | Slain by a gnoll

Illustrated notes

Levels and vault maps discovered:
D:1:      minmay_arrival_up_and_down, layout_loops_corners, serial_shops, shop,
          minmay_distorted
D:2:      layout_loops_ring, basic_altar, kennysheep_flooded_box,
          minmay_diced_spiral, uniq_sigmund, uniq_natasha

Skill      XL: |  1  2  3 |
---------------+----------+-----
Invocations    | 1 |  1.2
Short Blades   | 1 |  1.1
Long Blades    | 1 |  1.1
Axes           | 1 |  1.1
Maces & Flails | 1 |  1.1
Polearms       | 1 |  1.1
Staves         | 1 |  1.1
Throwing       | 1 |  1.1
Armour         | 1 |  1.1
Stealth        | 1 |  1.1
Shields        | 1 |  1.1
Unarmed Combat | 1 |  1.1
Spellcasting   | 3 |  3.0
Evocations     | 1 |  1.1
Fighting       | |  2.7
Ranged Weapons | |  4.6
Dodging        | |  4.6
Conjurations   | |  0.8
Hexes          | |  5.4
Summonings     | |  0.8
Necromancy     | |  0.8
Translocations | |  0.8
Transmutations | |  0.8
Fire Magic     | |  0.8
Ice Magic      | |  0.8
Air Magic      | |  0.8
Earth Magic    | |  0.8
Poison Magic   | |  0.8

Action                   |  1- 3 |  4- 6 || total
-------------------------+-------+-------++-------
 Fire: Sling             |   102 |     3 ||   105
 Cast: Slow              |    14 |     3 ||    17
  Use: Scroll            |     4 |       ||     4
       Potion            |     1 |       ||     1
Armor: Robe              |     4 |       ||     4
Dodge: Dodged            |    29 |       ||    29

Table legend: (Time is in decaauts)
 A = Elapsed time spent in this place.
 B = Non-inter-level travel time spent in this place.
 C = Inter-level travel time spent in this place.
 D = Time resting spent in this place.
 E = Time spent auto-exploring this place.
 F = Levels seen in this place.
 G = Mean time per level.
                   A        B        C        D        E       F      G
               +--------+--------+--------+--------+--------+-----+--------+
         Total |   1536 |   1498 |     38 |    109 |   1146 |   2 |  768.0 |
       Dungeon |   1536 |   1498 |     38 |    109 |   1146 |   2 |  768.0 |
               +--------+--------+--------+--------+--------+-----+--------+

Top non-repeatable levels by time:
     D:1: 1132 daAuts
     D:2: 403 daAuts
